AoeStats
← TheHuisman

Arabia

510004366Analyzed
1v1 RM · 2d ago on Sep 29, 2026· 19m 50s· 2 players
Game mode
Random Map
Map size
Tiny (2 player)
Population
200
Speed
Normal
Resources
Standard
Victory
Conquest
Starting age
Dark Age
Ending age
Imperial Age
RankedLock teamsTeams togetherTeam positionsShared explorationLock speedFull tech treeHidden civsTurbo modeCheats
Victory
Defeat
🇦🇷 Japanese · Argentina
1117
+14
🇨🇱 Mongols · Chile
1083
-14
TheHuisman
6:39 Loom
8:48 Feudal Age
7:07 Loom
8:54 Man-at-Arms
11:52 Arson
12:19 Double-Bit Axe
16:32 Scale Mail Armor
16:51 Town Watch
21:48 Castle Age
20:09 Horse Collar
Augus
5:37 Loom
7:56 Feudal Age
16:26 Double-Bit Axe
Connection lost

Rejoining the realm…

Still unreachable

The connection could not be restored.

Session expired

The server has moved on; the page needs a fresh start.